 Dungeon Crawl Stone Soup version 0.27-a0-1105-g946c659c87 (webtiles) character file.

Game seed: 31089793949185932

13156 tsouns the Cruncher (level 11, -2/83 HPs)
             Began as a Demonspawn Wanderer on Apr 29, 2021.
             Was a High Priest of Nemelex Xobeh.
             Slain by a death scarab (6 damage)
             ... in a Gauntlet on Apr 30, 2021.
             The game lasted 00:21:04 (12815 turns).

tsouns the Cruncher (Demonspawn Wanderer)          Turns: 12815, Time: 00:21:05

Health: -2/83      AC: 11    Str: 20    XL:     11   Next: 71%
Magic:  20/20      EV: 42    Int: 19    God:    Nemelex Xobeh [*****.]
Gold:   605        SH:  0    Dex: 11    Spells: 8/10 levels left

rFire    . . .     SeeInvis .   p - +8 lajatang "Jixoe" {venom, Fragile Str+4 Int+4}
rCold    . . .     Faith    .   (shield currently unavailable)
rNeg     . . .     Spirit   .   G - +0 acid dragon scales
rPois    .         Reflect  .   b - +0 helmet
rElec    .         Harm     .   (no cloak)
rCorr    +         Rampage  .   g - +2 pair of gloves
Will     .....     NoTele   +   r - +0 pair of boots
Stlth    +.........             t - amulet of the acrobat
HPRegen  0.23/turn              F - +4 ring of evasion
MPRegen  0.17/turn              j - +4 ring of evasion

@: mighty, agile, acrobatic, slowed, very slow
A: repulsion field 2, demonic guardian 2, powered by pain 1
a: Renounce Religion, Draw Escape, Draw Destruction, Draw Summoning, Triple
Draw, Deal Four, Stack Five


You were in a Gauntlet.
You worshipped Nemelex Xobeh.
Nemelex Xobeh was extremely pleased with you.
You visited 1 branch of the dungeon, and saw 12 of its levels.
You also visited: Gauntlet.

You collected 605 gold pieces.

Inventory:

Hand Weapons
 c - a +0 hand crossbow
 f - a +5 vampiric lajatang
 p - the +8 lajatang "Jixoe" (weapon) {venom, Fragile Str+4 Int+4}
   (You found it on level 4 of the Dungeon)

   It poisons the flesh of those it strikes.
   It affects your strength (+4).
   It affects your intelligence (+4).
   It will be destroyed if unequipped.
Missiles
 d - 103 bolts
 e - 7 atropa-tipped darts
 w - 3 throwing nets
 y - 5 curare-tipped darts (quivered)
Armour
 b - a +0 helmet (worn)
 g - a +2 pair of gloves (worn)
 i - a +1 scale mail of cold resistance
 r - a +0 pair of boots (worn)
 z - +0 steam dragon scales
 G - +0 acid dragon scales (worn)
Jewellery
 j - a +4 ring of evasion (right hand)
 t - an amulet of the acrobat (around neck)
 u - a +6 ring of dexterity
 x - an amulet of magic regeneration
 F - a +4 ring of evasion (left hand)
 I - a ring of positive energy
Wands
 a - a wand of paralysis (19)
 k - a wand of charming (11)
 v - a wand of mindburst (17)
 E - a wand of flame (17)
 J - a wand of acid (5)
Scrolls
 o - 2 scrolls of magic mapping
 s - 5 scrolls of teleportation
 A - a scroll of silence
 B - 2 scrolls of fear
Potions
 h - 2 potions of cancellation
 l - 2 potions of might
 m - 2 potions of ambrosia
 n - 2 potions of berserk rage {unknown}
 q - a potion of heal wounds {unknown}
 C - 3 potions of curing
 D - a potion of haste {unknown}
 H - a potion of mutation {unknown}


   Skills:
 + Level 6.4 Fighting
 * Level 13.2 Staves
 - Level 1.7 Crossbows
 - Level 1.0 Throwing
 - Level 1.0 Armour
 - Level 1.0 Dodging
 - Level 1.0 Stealth
 - Level 1.0 Shields
 + Level 12.9 Invocations


You had 8 spell levels left.
You knew the following spells:

 Your Spells              Type           Power      Damage    Failure   Level
a - Blink                 Tloc           N/A        N/A       36%         2

Your spell library contained the following spells:

 Spells                   Type           Power      Damage    Failure   Level
 Corona                   Hex            0%         N/A       26%         1
 Magic Dart               Conj           0%         1d3       26%         1
 Call Imp                 Summ           0%         N/A       36%         2
 Searing Ray              Conj           0%         3d3       36%         2
 Slow                     Hex            0%         N/A       36%         2
 Confusing Touch          Hex            0%         N/A       61%         3
 Conjure Flame            Conj/Fire      0%         6-21      61%         3
 Dazzling Flash           Conj/Hex       0%         N/A       61%         3
 Gell's Gravitas          Tloc           0%         N/A       61%         3
 Inner Flame              Hex/Fire       0%         N/A       61%         3
 Mephitic Cloud           Conj/Pois/Air  0%         N/A       61%         3
 Portal Projectile        Hex/Tloc       0%         N/A       61%         3
 Cause Fear               Hex            0%         N/A       95%         4
 Fulminant Prism          Conj/Hex       0%         3d6       95%         4
 Iskenderun's Mystic Bla  Conj/Tloc      0%         2d3       95%         4
 Leda's Liquefaction      Hex/Erth       0%         N/A       95%         4
 Petrify                  Tmut/Erth      0%         N/A       95%         4
 Metabolic Englaciation   Hex/Ice        0%         N/A       100%        5
 Silence                  Hex/Air        0%         N/A       100%        5
 Yara's Violent Unravell  Hex/Tmut       0%         3d3       100%        5
 Discord                  Hex            0%         N/A       100%        8


Dungeon Overview and Level Annotations

Branches:
Dungeon (12/15)            Temple (0/1) D:6            Lair (0/6) D:8
    Orc (0/2) D:9         Gauntlet (1/1)

Altars:
Fedhas
Kikubaaqudgha
Makhleb
Nemelex Xobeh
Xom
The Shining One

Shops:
D:10 (

Annotations:
Gauntlet 13 transporters, 1 runed translucent door


Innate Abilities, Weirdness & Mutations

You are surrounded by a moderate repulsion field. (EV +3)
A demonic guardian rushes to your aid.
You sometimes gain a little power by taking damage.


Message History

You draw a card...
You have drawn the Illusion.
Suddenly you stand beside yourself.
The wizard shouts!
Something shouts, "Remove thy stench, thou baffled dizzy-eyed erk!"
Something bites your rust devil!
Unknown command.
What are your orders? t - Shout!
Orders for allies: a - Attack new target. r - Retreat! s - Stop attacking. g - Guard the area. f - Follow me.
Anything else - Cancel.
Gang up on whom?
Press: ? - help, Dir - move target, f - you
Okay, then.
You swap places.
The death scarab bites your rust devil.
Tsouns's illusion closely misses the death scarab.
Your rust devil hits the death scarab!
The death scarab seems to be corroded for longer.
You see here a +0 broad axe.
What are your orders? t - Shout!
Orders for allies: a - Attack new target. r - Retreat! s - Stop attacking. g - Guard the area. f - Follow me.
Anything else - Cancel.
Gang up on whom?
Press: ? - help, Dir - move target, f - death scarab
Aim: a death scarab (heavily damaged, covered in acid, ally target) Attack!
The death scarab bites your rust devil!
The death scarab drains your rust devil's vigour!
Your rust devil seems to slow down.
The death scarab bites your rust devil!!
Your rust devil dies!
The death scarab misses you.
Tsouns's illusion hits the death scarab!
The death scarab bites you.
You die...
Your body glows with a rainbow of weird colours and disappears.

#≈..∩...∩..≈# ####.....©.....####
#≈≈..#########..≈≈#
#≈...#.###...#...≈#
####..♣.#.#...#.#.♣..####
#≈≈..PP.#...###.#.PP..≈≈#
#≈..♣.P.#.#.©.#.#.PP♣..≈#
##..P.P..#.###...#.PPP...####
≈..♣PPP♣.#.#.@.#@#.♣...♣..≈≈#
.........#.:.©.B.#.........≈#
..#######################...####
..#©.........©.........©#....≈≈#
############################..≈#
p.....p#...........##.#.#N##...##
5####..#...#≈#≈#...#.#.#.#k#.♣..≈
.# .##5#...≈≈≈≈≈...##.#.#.##.P...
5.#©.#.#.♣.#≈#≈#.♣.#.#©#.#.#.♣PP.


You could see a death scarab (corroded).

Vanquished Creatures
  A boulder beetle (D:11)
  Harold (D:7)
  Erica (D:11)
  A spectral hydra (Gauntlet)
  Pikel (D:7)
  A manticore (D:11)
  A kobold demonologist (D:12)
  A komodo dragon (D:11)
  A troll (D:10)
  4 yaks (D:8)
  2 wraiths
  3 wyverns (D:8)
  Menkaure (D:7)
  A steam dragon (D:8)
  A basilisk (D:8)
  Edmund (D:5)
  5 water moccasins (D:8)
  Duvessa (D:6)
  3 orc warriors
  A swamp drake (D:11)
  2 black bears (D:5)
  2 sky beasts
  2 ogres
  6 centaurs
  4 phantoms
  2 lemures (D:7)
  2 kobold brigands
  2 gnoll sergeants
  2 scorpions
  Dowan (D:6)
  2 bullfrogs
  A water moccasin zombie (D:7)
  2 troll zombies (D:9)
  A wyvern skeleton (D:7)
  A water moccasin skeleton (D:5)
  2 killer bees (D:9)
  3 vampire bats (D:6)
  6 wights
  4 howler monkeys
  A bullfrog zombie (D:6)
  7 centaur zombies
  4 jellies
  5 orc priests
  7 hounds
  A bullfrog skeleton (D:6)
  Ijyb (D:5)
  An iguana (D:7)
  6 orc wizards
  2 ogre zombies (D:9)
  2 howler monkey zombies
  11 gnolls
  8 adders
  A shadow imp (D:6)
  2 white imps
  An adder skeleton (D:5)
  4 worms
  4 dart slugs
  36 orcs
  10 ball pythons
  5 bats
  6 bat skeletons (D:6)
  A bat zombie (D:6)
  17 endoplasms
  3 giant cockroaches
  4 goblins
  6 hobgoblins
  5 jackals
  6 quokkas
  2 frilled lizards
  3 goblin zombies (D:9)
  A hobgoblin skeleton (D:9)
  3 hobgoblin zombies (D:9)
  18 kobolds
  2 orc skeletons (D:9)
  6 orc zombies (D:9)
  6 rats
287 creatures vanquished.

Vanquished Creatures (collateral kills)
  Gastronok (D:11)
  A shadow (D:9)
  A centaur (D:8)
  A howler monkey (D:10)
  An orc priest (D:10)
  2 orc wizards
  4 ogre zombies (D:9)
  A white imp (D:5)
  An adder skeleton (D:4)
  5 orcs
  A goblin skeleton (D:9)
  5 goblin zombies (D:9)
  An orc skeleton (D:9)
  3 orc zombies (D:9)
28 creatures vanquished.

Vanquished Creatures (others)
  16 fungi
  22 plants
  4 toadstools (D:3)
42 creatures vanquished.

Grand Total: 357 creatures vanquished

Notes
Turn   | Place    | Note
-------+----------+-------------------------------------------
     0 | D:1      | tsouns the Demonspawn Wanderer began the quest for the Orb.
     0 | D:1      | tsouns set off with the following items: a +2 quarterstaff,
                  | a +0 ring mail, a +0 hand crossbow, 29 bolts
     0 | D:1      | Reached XP level 1. HP: 16/16 MP: 1/1
   210 | D:1      | Gained mutation: A weak demonic guardian rushes to your
                  | aid. [demonic ancestry]
   210 | D:1      | Reached XP level 2. HP: 23/23 MP: 2/2
  1121 | D:2      | Reached skill level 2 in Staves
  1172 | D:2      | Gained mutation: You are surrounded by a mild repulsion
                  | field. (EV +2) [demonic ancestry]
  1172 | D:2      | Reached XP level 3. HP: 28/28 MP: 3/3
  1583 | D:2      | Found a faded altar of an unknown god.
  1638 | D:2      | Became a worshipper of Nemelex Xobeh the Trickster
  1638 | D:2      | Reached * piety under Nemelex Xobeh
  1678 | D:3      | Reached XP level 4. HP: 31/35 MP: 4/4
  1723 | D:2      | Identified a scroll of acquirement
  1723 | D:2      | Acquired a +1 vampiric lajatang
  1861 | D:3      | Reached skill level 1 in Invocations
  2015 | D:3      | Received a gift from Nemelex Xobeh
  2182 | D:3      | Received a gift from Nemelex Xobeh
  2383 | D:3      | Reached skill level 3 in Staves
  2666 | D:3      | Gained mutation: You are surrounded by a moderate repulsion
                  | field. (EV +3) [demonic ancestry]
  2666 | D:3      | Reached XP level 5. HP: 41/41 MP: 6/6
  2911 | D:3      | Reached ** piety under Nemelex Xobeh
  2972 | D:3      | Received a gift from Nemelex Xobeh
  3151 | D:3      | Reached skill level 4 in Staves
  3164 | D:4      | Identified the +5 whip of Sharkskin {freeze, Will+ rCorr
                  | Str-2 Int+4}
  3277 | D:4      | Gained mutation: A demonic guardian rushes to your aid.
                  | [demonic ancestry]
  3277 | D:4      | Reached XP level 6. HP: 45/47 MP: 8/8
  3363 | D:4      | Identified the +8 lajatang "Jixoe" {venom, Fragile Str+4
                  | Int+4}
  3801 | D:5      | Entered Level 5 of the Dungeon
  3804 | D:5      | Reached skill level 5 in Staves
  3822 | D:5      | Reached XP level 7. HP: 34/52 MP: 10/10
  3968 | D:5      | Reached skill level 6 in Staves
  3968 | D:5      | Reached skill level 5 in Invocations
  4138 | D:5      | Noticed Ijyb
  4153 | D:5      | Killed Ijyb
  4240 | D:5      | Noticed Edmund
  4244 | D:5      | Killed Edmund
  4245 | D:5      | Reached XP level 8. HP: 54/58 MP: 12/12
  4247 | D:5      | Reached skill level 7 in Staves
  4992 | D:6      | Reached *** piety under Nemelex Xobeh
  5069 | D:6      | Noticed Duvessa
  5069 | D:6      | Noticed Dowan
  5084 | D:6      | Killed Duvessa
  5085 | D:6      | Reached skill level 8 in Staves
  5091 | D:6      | Killed Dowan
  5325 | D:6      | Found an ancient bone altar of Kikubaaqudgha.
  5532 | D:6      | Found a burning altar of Makhleb.
  5665 | D:6      | Found a staircase to the Ecumenical Temple.
  5668 | D:6      | Reached XP level 9. HP: 64/64 MP: 15/15
  5753 | D:7      | Received a gift from Nemelex Xobeh
  5802 | D:7      | Noticed Pikel
  5819 | D:7      | Killed Pikel
  5820 | D:7      | Reached skill level 9 in Staves
  6042 | D:7      | Found a sparkling altar of Nemelex Xobeh.
  6135 | D:7      | Identified the +4 quarterstaff "Tastau Kuige" {drain, rPois
                  | rF+}
  6211 | D:7      | Noticed Menkaure
  6217 | D:7      | Killed Menkaure
  6460 | D:7      | Noticed Harold
  6469 | D:7      | Killed Harold
  6470 | D:7      | Reached skill level 10 in Staves
  6470 | D:7      | Reached skill level 10 in Invocations
  6740 | D:8      | Gained mutation: You sometimes gain a little power by
                  | taking damage. [demonic ancestry]
  6740 | D:8      | Reached XP level 10. HP: 42/70 MP: 17/17
  6904 | D:8      | Reached skill level 11 in Staves
  7073 | D:8      | Found a staircase to the Lair.
  7144 | D:8      | Received a gift from Nemelex Xobeh
  7835 | D:8      | Reached **** piety under Nemelex Xobeh
  8074 | D:9      | Received a gift from Nemelex Xobeh
  8079 | D:9      | Found a staircase to the Orcish Mines.
  8644 | D:9      | Reached skill level 12 in Staves
  8857 | D:9      | Found a shimmering altar of Xom.
  9107 | D:10     | Entered Level 10 of the Dungeon
  9144 | D:10     | Found Ottauhei's Antique Weapon Shop.
  9370 | D:10     | Received a gift from Nemelex Xobeh
  9462 | D:10     | Reached ***** piety under Nemelex Xobeh
  9568 | D:10     | Reached XP level 11. HP: 63/78 MP: 19/19
 10000 | D:10     | Received a gift from Nemelex Xobeh
 10657 | D:11     | Reached skill level 5 in Fighting
 10665 | D:11     | Noticed Erica
 10676 | D:11     | Killed Erica
 10859 | D:11     | Noticed a boulder beetle
 10861 | D:11     | Found a blossoming altar of Fedhas.
 10870 | D:11     | Killed a boulder beetle
 11017 | D:11     | Noticed Gastronok
 11039 | D:11     | Killed Gastronok
 11305 | D:11     | Learned a level 2 spell: Blink
 11768 | D:11     | Received a gift from Nemelex Xobeh
 11807 | D:11     | Reached skill level 13 in Staves
 12534 | D:12     | Found a gate leading to a gauntlet.
 12541 | Gauntlet | Entered a Gauntlet
 12541 | Gauntlet | Found a transporter.
 12541 | Gauntlet | Received a gift from Nemelex Xobeh
 12541 | Gauntlet | Noticed a death scarab
 12548 | Gauntlet | Found a transporter.
 12551 | Gauntlet | Found a transporter.
 12562 | Gauntlet | Found a transporter.
 12565 | Gauntlet | Found a transporter.
 12569 | Gauntlet | Noticed an entropy weaver
 12577 | Gauntlet | Found a transporter.
 12584 | Gauntlet | Found a runed translucent door.
 12591 | Gauntlet | Found a transporter.
 12602 | Gauntlet | Found a transporter.
 12610 | Gauntlet | Noticed a shining eye
 12614 | Gauntlet | Found a transporter.
 12614 | Gauntlet | Noticed a deep troll
 12614 | Gauntlet | a shining eye changed into a deep troll
 12616 | Gauntlet | Noticed a lindwurm
 12616 | Gauntlet | a deep troll changed into a lindwurm
 12617 | Gauntlet | a lindwurm changed into a merfolk
 12619 | Gauntlet | Found a transporter.
 12619 | Gauntlet | Found a transporter.
 12620 | Gauntlet | Noticed a fire crab
 12637 | Gauntlet | Noticed a wizard
 12647 | Gauntlet | Found a transporter.
 12647 | Gauntlet | Found a transporter.
 12696 | Gauntlet | Noticed a wolf spider
 12696 | Gauntlet | a torpor snail changed into a wolf spider
 12697 | Gauntlet | a wolf spider changed into a slime creature
 12705 | Gauntlet | Found a transporter.
 12720 | Gauntlet | Noticed an ice dragon
 12720 | Gauntlet | a slime creature changed into an ice dragon
 12725 | Gauntlet | an ice dragon changed into a torpor snail
 12809 | Gauntlet | HP: 2/83 [death scarab (13)]
 12815 | Gauntlet | Slain by a death scarab

Illustrated notes

Levels and vault maps discovered:
D:1:      grunt_arrival_crossed_arrows, layout_basic, palyth_stone_intersect,
          minmay_misc_feat_encased, kennysheep_doodads
D:2:      layout_rooms, shapermc_ecumenical_altar_mp_urbaneastern
D:3:      cheibrodos_fertilizer, layout_loops_ring, minmay_increasing_density
D:4:      layout_basic, nicolae_tso_carved_into_rock, nicolae_zen_rock_garden
D:5:      layout_basic, uniq_ijyb, uniq_edmund
D:6:      layout_rooms, makhleb_blood_cavern_becter, kennysheep_vampire_church,
          temple_hall, hangedman_decor_riveting, kennysheep_big_empty_room,
          minmay_misc_feat_rugged, uniq_duvessa
D:7:      layout_loops_ring, nemelex_diamond_rough_becter, st_stairs_9,
          uniq_pikel, uniq_menkaure, uniq_harold
D:8:      layout_basic, minmay_lair_entry_grove, kennysheep_generic_room_7
D:9:      layout_gridville, general_overflow_altar, zombieorc2_lemuel
D:10:     layout_stronghold, serial_shops, shop_statue
D:11:     layout_cave_pods, fedhas_altar_3, uniq_gastronok, uniq_erica
D:12:     layout_stronghold, gauntlet_entry_generic, serial_shops,
          nicolae_shop_trees
Gauntlet: minmay_gauntlet_77_tree [minmay_gauntlet_arena_77_broken_ladder,
          minmay_gauntlet_arena_77_hold_the_fort,
          minmay_gauntlet_arena_77_checkered,
          minmay_gauntlet_arena_77_double_cross,
          minmay_gauntlet_arena_77_braids, minmay_gauntlet_arena_77_p_blocks,
          minmay_gauntlet_arena_77_path, gauntlet_exit_green]

Skill      XL: |  1  2  3  4  5  6  7  8  9 10 11 |
---------------+----------------------------------+-----
Staves         | 2 3 4 5 6 8 10 12 13 | 13.2
Fighting       | 3 4 6 |  6.4
Invocations    | 2 3 4 6 8 10 11 12 | 12.9
Crossbows      | |  1.7
Throwing       | |  1.0
Armour         | |  1.0
Dodging        | |  1.0
Stealth        | |  1.0
Shields        | |  1.0

Action                   |  1- 3 |  4- 6 |  7- 9 | 10-12 || total
-------------------------+-------+-------+-------+-------++-------
Melee: Quarterstaff      |    99 |       |       |       ||    99
       Lajatang          |       |   201 |   175 |   317 ||   693
Invok: Draw Summoning    |       |       |       |     3 ||     3
       Draw Destruction  |       |       |       |     6 ||     6
  Use: Scroll            |       |     3 |    10 |     6 ||    19
       Potion            |       |     1 |       |     2 ||     3
 Stab: Distracted        |       |       |       |     1 ||     1
       Sleeping          |       |       |       |     1 ||     1
Armor: Ring mail         |    35 |    54 |    13 |       ||   102
       Scale mail        |       |       |    28 |     1 ||    29
       Steam dragon scal |       |       |       |    57 ||    57
       Acid dragon scale |       |       |       |     1 ||     1
Dodge: Dodged            |    93 |   211 |   162 |   248 ||   714

Table legend: (Time is in decaauts)
 A = Elapsed time spent in this place.
 B = Non-inter-level travel time spent in this place.
 C = Inter-level travel time spent in this place.
 D = Time resting spent in this place.
 E = Time spent auto-exploring this place.
 F = Levels seen in this place.
 G = Mean time per level.
                   A        B        C        D        E       F      G
               +--------+--------+--------+--------+--------+-----+--------+
         Total |  12818 |  12470 |    348 |      0 |  10588 |  13 |  986.0 |
       Dungeon |  12543 |  12195 |    348 |      0 |  10334 |  12 | 1045.2 |
      Gauntlet |    275 |    275 |      0 |      0 |    254 |   1 |  275.0 |
               +--------+--------+--------+--------+--------+-----+--------+

Top non-repeatable levels by time:
    D:11: 1883 daAuts
     D:3: 1383 daAuts
    D:10: 1367 daAuts
     D:9: 1205 daAuts
     D:8: 1156 daAuts
     D:6: 1092 daAuts
     D:7: 964 daAuts
     D:2: 913 daAuts
     D:1: 906 daAuts
     D:5: 845 daAuts
     D:4: 660 daAuts
Gauntlet: 275 daAuts
    D:12: 161 daAuts
